 Dungeon Crawl Stone Soup version 0.30.1-4-g462c640d31 (webtiles) character file.

Game seed: 12222530059769762894

282278 Graphine the Tortoise (level 19, -25/171 HPs)
             Began as an Armataur Fighter on Sept 14, 2023.
             Was the Champion of the Shining One.
             Annihilated by an enormous slime creature (42 damage)
             ... on level 1 of the Pits of Slime.
             The game lasted 01:53:33 (32500 turns).

Graphine the Tortoise (Armataur Fighter)           Turns: 32500, Time: 01:53:33

Health: -25/171    AC: 48    Str: 30    XL:     19   Next: 73%
Magic:  26/28      EV:  3    Int:  4    God:    the Shining One [******]
Gold:   1092       SH:  0    Dex: 23    Spells: 18/18 levels left

rFire   + + .        H - +10 dark maul {heavy}
rCold   + + .        (shield currently unavailable)
rNeg    + + +        A - +2 crystal plate armour of Unambiguity {rN+ Int-4 Dex+4}
rPois   +            w - +2 helmet {SInv}
rElec   .            Y - +2 cloak
rCorr   .            u - +3 pair of gauntlets of War {Slay+5}
SInv    +            J - +3 barding {rC+}
Will    +++++        U - amulet of the Ageless Tusks {Faith rC+ Will++} Stlth
                     p - ring "Opoevata" {rPois rF+ Str+6}
HPRegen 0.48/turn    l - ring of Tixamut {rPois Will+ Dex+3 Slay+4}
MPRegen 0.21/turn

%: roll, faith
@: glowing
A: large, rugged brown scales 3, deformed body, armoured tail, roll, long
tongue, awkward tongue, hooves 1, fire resistance 1, strong-willed 1
}: 2/15 runes: decaying, serpentine
a: Renounce Religion, Divine Shield, Cleansing Flame, Summon Divine Warrior,
Brand Weapon With Holy Wrath


You were on level 1 of the Pits of Slime.
You worshipped the Shining One.
The Shining One was exalted by your worship.
You visited 7 branches of the dungeon, and saw 32 of its levels.
You also visited: Sewer, Ossuary, Bailey and Ice Cave.

You collected 4620 gold pieces.
You spent 3528 gold pieces at shops.

Inventory:

Hand Weapons
 a - the +3 whip of the Fulmar {venom, rElec}
   (You found it in an ice cave)

   rElec:     It insulates you from electricity.
 H - the +10 dark maul (weapon) {heavy}
   (You took it off a two-headed ogre on level 1 of the Orcish Mines)
 W - the +5 sling of Pride {heavy, Contam Fly Dex+2}
   (You found it on level 5 of the Lair of Beasts)

   Dex:       It affects your dexterity (+2).
   Fly:       It grants you flight.
   Contam:    It causes magical contamination when unequipped.
 X - a +0 demon whip of venom
Missiles
 O - 9 boomerangs
 V - 5 silver javelins (quivered)
Armour
 u - the +3 pair of gauntlets of War (worn) {Slay+5}
   (You acquired it on level 1 of the Lair of Beasts)

   Slay:      It affects your accuracy & damage with ranged weapons and melee
   (+5).
 w - a +2 helmet of see invisible (worn)
 A - the +2 crystal plate armour of Unambiguity (worn) {rN+ Int-4 Dex+4}
   (You acquired it on level 1 of the Lair of Beasts)

   Int:       It affects your intelligence (-4).
   Dex:       It affects your dexterity (+4).
   rN:        It protects you from negative energy.
 J - a +3 barding of cold resistance (worn)
 P - a +1 kite shield of cold resistance
 Y - a +2 cloak (worn)
Jewellery
 h - an amulet of reflection
 l - the ring of Tixamut (right hand) {rPois Will+ Dex+3 Slay+4}
   (You bought it in a shop on level 12 of the Dungeon)

   [ring of slaying]

   Dex:       It affects your dexterity (+3).
   Slay:      It affects your accuracy & damage with ranged weapons and melee
   (+4).
   rPois:     It protects you from poison.
   Will:      It increases your willpower.
 p - the ring "Opoevata" (left hand) {rPois rF+ Str+6}
   (You took it off a wight on level 9 of the Dungeon)

   [ring of strength]

   Str:       It affects your strength (+6).
   rF:        It protects you from fire.
   rPois:     It protects you from poison.
 F - a ring of resist corrosion
 R - the ring of Xom's Scorn {rElec rPois Int+5}
   (You bought it in a shop on level 12 of the Dungeon)

   [ring of poison resistance]

   Int:       It affects your intelligence (+5).
   rElec:     It insulates you from electricity.
   rPois:     It protects you from poison.
 U - the amulet of the Ageless Tusks (around neck) {Faith rC+ Will++}
   (You bought it in a shop on level 12 of the Dungeon)

   [amulet of faith]

   It allows you to gain divine favour quickly.
   rC:        It protects you from cold.
   Will:      It greatly increases your willpower.
 Z - a ring of see invisible
Wands
 g - a wand of digging (9)
 j - a wand of quicksilver (15)
 q - a wand of iceblast (36)
 x - a wand of flame (84)
 y - a wand of polymorph (20)
 E - a wand of charming (19)
Scrolls
 i - 2 scrolls of immolation
 n - a scroll of brand weapon
 o - 2 scrolls of blinking
 r - 4 scrolls of magic mapping
 B - 5 scrolls of silence
 D - 23 scrolls of teleportation
 I - 4 scrolls of fog
 L - 3 scrolls of fear
 N - 5 scrolls of poison
 T - 5 scrolls of vulnerability
Potions
 d - 6 potions of might
 e - 15 potions of curing
 f - a potion of cancellation
 m - 3 potions of berserk rage
 t - 9 potions of brilliance
 v - 7 potions of mutation
 z - a potion of resistance
 G - 9 potions of flight
 K - 3 potions of haste
 Q - 6 potions of ambrosia
 S - 7 potions of attraction
Miscellaneous
 k - a phantom mirror
 s - a lightning rod (4/4)
 C - a phial of floods


   Skills:
 - Level 12.2 Fighting
 + Level 16.7 Maces & Flails
 - Level 14.0 Throwing
 - Level 20.0 Armour
 - Level 12.0 Shields
 - Level 12.0 Invocations
 - Level 12.0 Evocations


You had 18 spell levels left.
You didn't know any spells.
Your spell library contained the following spells:

 Spells                   Type           Power      Damage    Failure   Level
 Apportation              Tloc           0%         N/A       99%         1
 Freeze                   Ice            0%         1d3       99%         1
 Kiss of Death            Conj/Necr      0%         2d5       99%         1
 Slow                     Hex            0%         N/A       99%         1
 Summon Small Mammal      Summ           0%         N/A       99%         1
 Blink                    Tloc           0%         N/A       100%        2
 Lesser Beckoning         Tloc           0%         N/A       100%        2
 Call Canine Familiar     Summ           0%         N/A       100%        3
 Confusing Touch          Hex            0%         N/A       100%        3
 Frozen Ramparts          Ice            0%         1d1       100%        3
 Gell's Gravitas          Tloc           0%         N/A       100%        3
 Hailstorm                Conj/Ice       0%         3d3       100%        3
 Stone Arrow              Conj/Erth      0%         3d7       100%        3
 Summon Guardian Golem    Hex/Summ       0%         N/A       100%        3
 Teleport Other           Tloc           0%         N/A       100%        3
 Tukima's Dance           Hex            0%         N/A       100%        3
 Vampiric Draining        Necr           0%         2d6       100%        3
 Vhi's Electric Charge    Tloc/Air       0%         N/A       100%        3
 Volatile Blastmotes      Fire/Tloc      0%         2d10      100%        3
 Animate Armour           Summ/Erth      0%         N/A       100%        4
 Cause Fear               Hex            0%         N/A       100%        4
 Dispel Undead            Necr           0%         3d6       100%        4
 Fulminant Prism          Conj/Hex       0%         3d5       100%        4
 Iskenderun's Mystic Bla  Conj/Tloc      0%         2d3       100%        4
 Leda's Liquefaction      Hex/Erth       0%         N/A       100%        4
 Manifold Assault         Tloc           0%         N/A       100%        4
 Passage of Golubria      Tloc           0%         N/A       100%        4
 Arcjolt                  Conj/Air       0%         1d10      100%        5
 Blade Hands              Tmut           0%         N/A       100%        5
 Borgnjor's Vile Clutch   Necr/Erth      0%         N/A       100%        5
 Freezing Cloud           Conj/Ice/Air   0%         6-21      100%        5
 Lee's Rapid Deconstruct  Erth           0%         3d4*      100%        5
 Yara's Violent Unravell  Hex/Tmut       0%         3d3       100%        5
 Dispersal                Tloc           0%         N/A       100%        6
 Iron Shot                Conj/Erth      0%         9d1       100%        6
 Plasma Beam              Fire/Air       0%         2x1d11    100%        6
 Statue Form              Tmut/Erth      0%         N/A       100%        6
 Dragon Form              Tmut           0%         N/A       100%        7
 Storm Form               Tmut/Air       0%         N/A       100%        7
 Borgnjor's Revivificati  Necr           0%         N/A       100%        8
 Lehudib's Crystal Spear  Conj/Erth      0%         10d2      100%        8
 Necromutation            Tmut/Necr      0%         N/A       100%        8
 Death's Door             Necr           0%         N/A       100%        9
 Dragon's Call            Summ           0%         N/A       100%        9
 Polar Vortex             Ice            0%         N/A       100%        9


Dungeon Overview and Level Annotations

Branches:
Dungeon (15/15)            Temple (1/1) D:7            Lair (5/5) D:9
  Swamp (4/4) Lair:3        Snake (4/4) Lair:2        Slime (1/5) Lair:4
    Orc (2/2) D:11            Elf (0/3) Orc:2        Vaults (0/5) D:14
 Depths (0/4) D:15          Sewer (visited)         Ossuary (visited)
 Bailey (visited)           IceCv (visited)

Altars:
Ashenzari
Cheibriados
Dithmenos
Elyvilon
Fedhas
Gozag
Hepliaklqana
Kikubaaqudgha
Makhleb
Nemelex Xobeh
Okawaru
Qazlal
Ru
Sif Muna
Trog
Uskayaw
Vehumet
Wu Jian
Xom
Yredelemnul
Zin
The Shining One
Jiyva

Shops:
D:4 [   D:7 (   D:12 *   Orc:1 ?   Orc:2 (((!**   Snake:1 (   Snake:3 (!

Portals:
Trove: D:14 (give 3 potions of resistance)


Innate Abilities, Weirdness & Mutations

You are completely covered in rugged brown scales. (AC +3, +7% HP)
Armour fits poorly on your strangely shaped body.
You have a long armoured tail.
You roll when moving toward enemies. (Rampage)
Your long tongue fully drains potion bottles. (2x potion effects)
Your tongue gives you trouble enunciating. (1.5x scroll delay)
You have large cloven feet.
Your flesh is heat resistant. (rF+)
You are strong-willed. (Will+)


Message History

The slime creature hits you but does no damage.
Two slime creatures merge to form a very large slime creature.
The golden eye blinks at you. You resist with almost no effort.
Your daeva hits the large slime creature with a +5 scimitar of holy wrath!!
Your daeva hits the large slime creature with a +5 scimitar of holy wrath!
The golden eye blinks at you. You resist with almost no effort.
A large slime creature splits.
The slime creature hits you but does no damage.
Two slime creatures merge to form an enormous slime creature.
The large slime creature hits you. The golden eye blinks at you.
You resist with almost no effort.
Your daeva hits the slime creature with a +5 scimitar of holy wrath!!
The slime creature dies!
The golden eye blinks!
Unknown command.
You pound the large slime creature like an anvil!!!!
You kill the large slime creature!
The golden eye blinks!
The golden eye blinks at you. You resist with almost no effort.
The slime creature hits you but does no damage.
The golden eye blinks!
The golden eye blinks at you. You resist with almost no effort.
Your daeva hits the golden eye with a +5 scimitar of holy wrath!!
The golden eye dies!
The enormous slime creature hits you!!!
* * * LOW HITPOINT WARNING * * *
The golden eye blinks at you. You resist with almost no effort.
The slime creature hits your daeva.
The slime creature hits you but does no damage.
The golden eye blinks!
Your daeva hits the slime creature with a +5 scimitar of holy wrath!!
The slime creature dies!
The golden eye blinks!
The golden eye blinks at you. You resist with almost no effort.
The enormous slime creature hits you!!!
You die...

#......##
#.<..#..........
#...........>...#.
##..........G....#
##...............
#....§.§..G#...#
G.....JA..§... .
.....§G§§§§#....
......J@J§§.....
.#....§§§.......
..#......§......
................
.....>..........
................
......G#.......#
.....G..........


You could see an enormous slime creature, 2 slime creatures, 6 golden eyes and a
friendly daeva (summoned).

Vanquished Creatures
  Vashnia (Snake:4)
  Jorgrun (Snake:3)
  Rupert (D:15)
  A tentacled monstrosity (Snake:3)
  Kirke (D:15)
  An acid blob (Slime:1)
  4 thorn hunters
  5 nagarajas (Snake:4)
  A rockslime (Slime:1)
  Aizul (Snake:4)
  An orc warlord (Bailey)
  A stone giant (Orc:1)
  6 eleionomae
  A dire elephant (D:15)
  An ettin (Orc:1)
  2 fire dragons
  2 shambling mangroves
  4 vault guards (D:14)
  30 hydras
  3 salamander tyrants
  A catoblepas (Lair:5)
  9 anacondas
  A death knight (D:14)
  An alligator snapping turtle (Snake:1)
  7 centaur warriors
  2 boulder beetles
  3 death yaks (Lair:3)
  2 tengu warriors
  9 two-headed ogres
  11 alligators
  10 naga warriors
  13 naga sharpshooters
  3 orc high priests (Orc:2)
  4 shock serpents
  Nergalle (Lair:2)
  Amaemon (Lair:1)
  2 skysharks (Lair:5)
  4 salamander mystics
  5 goliath frogs
  8 spriggan druids
  A wizard (D:14)
  12 naga ritualists
  3 bog bodies
  2 lindwurms
  21 swamp dragons
  Pikel (D:4)
  26 ugly things
  10 mana vipers
  3 orc knights
  4 deep elf pyromancers
  A wolf spider (D:15)
  2 orc sorcerers (Orc:2)
  2 oklob plants (Lair:5)
  2 will-o-the-wisps
  9 cyclopes
  13 salamanders
  6 manticores
  4 elephants (Lair:4)
  41 black mambas
  2 ice statues (IceCv)
  8 guardian serpents
  Maurice (D:10)
  13 naga magi
  An orange demon (Lair:1)
  2 molten gargoyles (Lair:5)
  Joseph (D:7)
  3 yaktaurs
  4 rime drakes
  14 cane toads
  3 freezing wraiths
  12 komodo dragons
  A kobold demonologist (D:11)
  A guardian mummy (D:14)
  2 efreet
  A tengu conjurer (D:15)
  A yaktaur (shapeshifter) (D:14)
  12 trolls
  A meliai (D:14)
  13 tyrant leeches
  19 blink frogs
  5 dream sheep (Lair:5)
  17 hornets
  Grinder (D:4)
  2 snapping turtles (Snake:1)
  Sigmund (D:4)
  8 slime creatures
  3 shadows
  4 wraiths
  16 spriggans
  A centaur simulacrum (D:14)
  2 vampires
  4 wyverns
  38 yaks
  10 hogs
  2 golden eyes (Slime:1)
  A human (D:13)
  6 steam dragons
  A death yak simulacrum (IceCv)
  7 basilisks
  36 vampire mosquitoes
  Menkaure (D:4)
  A harpy simulacrum (IceCv)
  27 nagas
  2 wargs
  18 swamp worms
  10 water moccasins
  4 hell hounds (Lair:5)
  27 orc warriors
  9 swamp drakes
  A black bear (Lair:3)
  An ice beast (D:7)
  4 sky beasts
  21 centaurs
  An ogre (Orc:1)
  19 wolves
  3 phantoms
  2 lemures (D:4)
  The ghost of zamzamzam the Shooter, an amateur DEHu (D:3)
  2 elf zombies (Ossuary)
  16 bullfrogs
  7 kobold brigands
  6 necrophages (D:5)
  A gnoll sergeant (D:11)
  A scorpion (D:5)
  2 two-headed ogre simulacra (D:11)
  A wyvern skeleton (D:3)
  2 wights
  22 killer bees
  An elephant simulacrum (IceCv)
  2 electric eels
  4 howler monkeys
  A lava snake (Lair:5)
  A centaur zombie (D:5)
  2 bullfrog zombies (D:5)
  4 hounds
  A human zombie (D:5)
  25 orc priests
  2 jellies
  A sleepcap (D:5)
  Jessica (D:3)
  3 iguanas (D:5)
  24 orc wizards
  A sickly merfolk siren (Sewer)
  19 hell rats
  A spriggan simulacrum (D:11)
  3 troll simulacra (D:11)
  A malarious merfolk avatar (Sewer)
  A wolf simulacrum (IceCv)
  5 mummies
  Robin (D:3)
  15 adders
  8 gnolls
  13 river rats
  A shadow imp (D:7)
  2 white imps
  An ufetubus (D:5)
  An adder zombie (D:5)
  3 worms
  5 dart slugs
  56 orcs
  10 ball pythons
  6 bats
  9 endoplasms
  5 giant cockroaches
  3 gnoll zombies (Ossuary)
  36 goblins
  28 hobgoblins
  A jackal (D:4)
  11 quokkas
  10 frilled lizards
  2 goblin zombies (Ossuary)
  3 hobgoblin zombies
  17 kobolds
  A kobold zombie (D:4)
  An orc zombie (Ossuary)
  40 rats
  2 rat zombies (Ossuary)
1214 creatures vanquished.

Vanquished Creatures (collateral kills)
  A two-headed ogre (Orc:1)
  An orc high priest (Orc:2)
  An orc knight (Orc:2)
  A molten gargoyle (Lair:5)
  6 slime creatures (Slime:1)
  2 golden eyes (Slime:1)
  A warg (Orc:2)
  4 orc warriors
  2 lava snakes (Lair:5)
  3 orc priests (Orc:2)
  4 orc wizards
  19 orcs
45 creatures vanquished.

Vanquished Creatures (others)
  An alligator (Swamp:3)
  A bloated husk (Swamp:3)
  6 foxfires
  22 spectral weapons
30 creatures vanquished.

Grand Total: 1289 creatures vanquished

Notes
Turn   | Place    | Note
-------+----------+-------------------------------------------
     0 | D:1      | Graphine the Armataur Fighter began the quest for the Orb.
     0 | D:1      | Reached XP level 1. HP: 19/19 MP: 1/1
    79 | D:1      | Reached XP level 2. HP: 15/26 MP: 2/2
   285 | D:1      | Found a faded altar of an unknown god.
   318 | D:1      | Prayed at the altar of an unknown god.
   318 | D:1      | Became a worshipper of the Shining One
   318 | D:1      | Reached * piety under the Shining One
   592 | D:1      | Reached XP level 3. HP: 33/33 MP: 3/3
  1007 | D:2      | Reached XP level 4. HP: 40/40 MP: 2/4
  1148 | D:2      | Identified the +7 dagger "Onliyfixki" {freeze, *Noise Str+5
                  | Int+3}
  1302 | D:2      | Got the Parchment of Cold and the Geodesic
  1376 | D:2      | Found a blossoming altar of Fedhas.
  1654 | D:3      | Found a sparkling altar of Nemelex Xobeh.
  1738 | D:3      | Found a blossoming altar of Fedhas.
  1752 | D:3      | Noticed Robin
  1771 | D:3      | Killed Robin
  1784 | D:3      | Reached XP level 5. HP: 23/49 MP: 5/5
  2050 | D:3      | Noticed Jessica
  2057 | D:3      | Killed Jessica
  2080 | D:3      | Found a runed translucent gate.
  2080 | D:3      | Found a runed translucent gate.
  2080 | D:3      | Found a runed translucent gate.
  2084 | D:3      | Noticed zamzamzam's ghost (amateur DEHu)
  2235 | D:3      | Reached ** piety under the Shining One
  2613 | D:3      | Killed zamzamzam's ghost
  2633 | D:3      | Reached skill level 5 in Maces & Flails
  2633 | D:3      | Reached XP level 6. HP: 24/55 MP: 2/6
  2770 | D:4      | Noticed Grinder
  2770 | D:4      | Found Roceud's Antique Armour Shop.
  2790 | D:4      | Killed Grinder
  2794 | D:4      | Bought a glowing helmet for 187 gold pieces
  2816 | D:4      | Noticed Sigmund
  2817 | D:4      | Found an opulent altar of Gozag.
  2837 | D:4      | Reached XP level 7. HP: 53/64 MP: 5/7
  2847 | D:4      | Killed Sigmund
  2848 | D:4      | Reached skill level 5 in Fighting
  2947 | D:4      | Noticed Pikel
  2983 | D:4      | Killed Pikel
  2984 | D:4      | Reached XP level 8. HP: 30/74 MP: 4/8
  3189 | D:4      | Noticed Menkaure
  3194 | D:4      | Killed Menkaure
  3198 | D:4      | Found a sand-covered staircase.
  3208 | Ossuary  | Entered an ossuary
  3208 | Ossuary  | Reached *** piety under the Shining One
  3645 | D:4      | Found an ornate altar of the Wu Jian Council.
  3769 | D:4      | Found a hide-covered altar of Uskayaw.
  3900 | D:5      | Entered Level 5 of the Dungeon
  3986 | D:5      | Found a shadowy altar of Dithmenos.
  4065 | D:5      | Found a glowing drain.
  4069 | Sewer    | Entered a sewer
  4135 | Sewer    | Reached XP level 9. HP: 83/83 MP: 9/9
  4646 | D:5      | Reached **** piety under the Shining One
  4684 | D:5      | Found an ancient bone altar of Kikubaaqudgha.
  4910 | D:5      | Found a shimmering blue altar of Sif Muna.
  4911 | D:5      | Found a glowing silver altar of Zin.
  5077 | D:6      | Reached skill level 10 in Maces & Flails
  5736 | D:7      | Found Acwucisk's Weapon Shoppe.
  5865 | D:7      | Found a staircase to the Ecumenical Temple.
  5907 | D:7      | Reached XP level 10. HP: 94/94 MP: 10/10
  6011 | D:7      | Noticed Joseph
  6023 | D:7      | Killed Joseph
  6422 | D:7      | Found a white marble altar of Elyvilon.
  6770 | Temple   | Entered the Ecumenical Temple
  7002 | D:8      | Reached ***** piety under the Shining One
  7145 | D:8      | Noticed a two-headed ogre
  7151 | D:8      | Killed a two-headed ogre
  7156 | D:8      | Found a flagged portal.
  7165 | Bailey   | Entered a bailey
  7405 | Bailey   | Noticed an orc warlord
  7651 | Bailey   | Killed an orc warlord
  7901 | Bailey   | Got the Verses on Coordinates
  7944 | Bailey   | Reached XP level 11. HP: 89/103 MP: 9/11
  8105 | Bailey   | Reached skill level 15 in Maces & Flails
  8105 | Bailey   | Reached XP level 12. HP: 117/117 MP: 12/12
  8105 | Bailey   | Reached XP level 13. HP: 124/124 MP: 13/13
  8106 | Bailey   | Reached XP level 14. HP: 134/134 MP: 13/18
  8106 | Bailey   | Reached XP level 15. HP: 142/142 MP: 13/19
  8186 | D:8      | Found a hazy altar of Hepliaklqana.
  8745 | D:9      | Found a staircase to the Lair.
  8877 | D:9      | Identified the staff of cold "Depuecut" {Contam Drain
                  | +Blink rC+ Int+8}
  9227 | D:9      | Identified the +0 pair of gloves of Woppeasme {rN+}
  9280 | D:9      | Identified the ring "Opoevata" {rPois rF+ Str+6}
  9637 | D:9      | Reached skill level 10 in Invocations
 10235 | Lair:1   | Entered Level 1 of the Lair of Beasts
 10383 | Lair:1   | Noticed Amaemon
 10415 | Lair:1   | Killed Amaemon
 10553 | Lair:1   | Identified 3 scrolls of acquirement
 10553 | Lair:1   | Acquired the +2 crystal plate armour of Unambiguity {rN+
                  | Int-4 Dex+4}
 10566 | Lair:1   | Acquired the +3 pair of gauntlets of War {Slay+5}
 10566 | Lair:1   | Found the +3 pair of gauntlets of War {Slay+5}
 10578 | Lair:1   | Acquired a manual of Throwing
 11344 | Lair:2   | Reached skill level 1 in Throwing
 11397 | Lair:2   | Reached skill level 4 in Armour
 11502 | Lair:2   | Noticed Nergalle
 11506 | Lair:2   | Killed Nergalle
 11661 | Lair:2   | Found a staircase to the Snake Pit.
 11812 | Lair:3   | Reached skill level 5 in Armour
 11828 | Lair:3   | Found a staircase to the Swamp.
 12158 | Lair:3   | Reached skill level 6 in Armour
 12232 | Lair:3   | Reached skill level 5 in Throwing
 12963 | Lair:4   | Reached skill level 7 in Armour
 13013 | Lair:4   | Found a staircase to the Slime Pits.
 13013 | Lair:4   | Found a viscous altar of Jiyva.
 13529 | Lair:5   | Entered Level 5 of the Lair of Beasts
 13579 | Lair:5   | Reached skill level 8 in Armour
 13851 | Lair:5   | Reached skill level 9 in Armour
 13858 | Lair:5   | Reached XP level 16. HP: 143/148 MP: 25/25
 13875 | Lair:5   | Found a large runed translucent door.
 13876 | Lair:5   | Found a large runed translucent door.
 14110 | Lair:5   | Reached ****** piety under the Shining One
 14316 | Lair:5   | Reached skill level 10 in Armour
 14318 | Lair:5   | Reached skill level 10 in Throwing
 14657 | Lair:5   | Identified the +5 sling of Pride {heavy, Contam Fly Dex+2}
 15075 | D:10     | Entered Level 10 of the Dungeon
 15106 | D:10     | Noticed Maurice
 15112 | D:10     | Killed Maurice
 15265 | D:10     | Found an iron altar of Okawaru.
 15404 | D:10     | Found a glowing golden altar of the Shining One.
 15673 | D:11     | Found a frozen archway.
 15684 | IceCv    | Entered an ice cave
 15696 | IceCv    | Found a transporter.
 15702 | IceCv    | Identified the +3 whip of the Fulmar {venom, rElec}
 15734 | IceCv    | Found a transporter.
 15746 | IceCv    | Identified the +8 spear of the Radish {drain, Fly rC+}
 15920 | D:11     | Found a staircase to the Orcish Mines.
 15929 | D:11     | Reached skill level 11 in Armour
 16575 | D:12     | Found a sacrificial altar of Ru.
 16813 | D:12     | Found Cel Qoec's Antique Artefacts.
 16833 | D:12     | Bought a coiled jade amulet for 160 gold pieces
 16833 | D:12     | Identified the amulet of the Ageless Tusks {Faith rC+
                  | Will++} (You bought it in a shop on level 12 of the
                  | Dungeon)
 16841 | D:12     | Bought a sparkling lead amulet for 160 gold pieces
 16841 | D:12     | Identified the amulet "Nywnuol" {Faith rC+ Will+ Stlth+}
                  | (You bought it in a shop on level 12 of the Dungeon)
 16849 | D:12     | Bought a crude golden ring for 160 gold pieces
 16849 | D:12     | Identified the ring of Xom's Scorn {rElec rPois Int+5} (You
                  | bought it in a shop on level 12 of the Dungeon)
 16849 | D:12     | Bought a jewelled whip for 240 gold pieces
 16849 | D:12     | Identified the +4 whip "Kanoas" {spect, rC++} (You bought
                  | it in a shop on level 12 of the Dungeon)
 16849 | D:12     | Bought a clouded platinum ring for 160 gold pieces
 16849 | D:12     | Identified the ring of Tixamut {rPois Will+ Dex+3 Slay+4}
                  | (You bought it in a shop on level 12 of the Dungeon)
 16956 | D:12     | Reached skill level 12 in Armour
 18201 | D:14     | Identified the +6 sling "Ipoapsuv" {freeze, Str+3 Int+2}
 18264 | D:14     | Found a portal to a secret trove of treasure.
 18381 | D:14     | Reached skill level 13 in Armour
 18567 | D:14     | Found a gate to the Vaults.
 18925 | D:14     | Reached skill level 14 in Armour
 18946 | D:14     | Reached XP level 17. HP: 81/156 MP: 26/26
 18963 | D:14     | Identified the +6 battleaxe of Mastery {drain, Dex+3}
 19335 | D:15     | Entered Level 15 of the Dungeon
 19429 | D:15     | Found a stormy altar of Qazlal.
 19710 | D:15     | Noticed Kirke
 19718 | D:15     | Reached skill level 15 in Armour
 19723 | D:15     | Killed Kirke
 19833 | D:15     | Noticed Rupert
 19839 | D:15     | Killed Rupert
 20158 | D:15     | Found a staircase to the Depths.
 20161 | D:15     | Reached skill level 1 in Evocations
 20709 | Swamp:1  | Entered Level 1 of the Swamp
 20768 | Swamp:1  | Identified the +0 war axe "Xaphuch" {venom, rC+ Int+3}
 21572 | Swamp:2  | Reached skill level 16 in Armour
 21692 | Swamp:2  | Reached skill level 5 in Evocations
 22588 | Swamp:3  | Reached skill level 17 in Armour
 22903 | Swamp:4  | Entered Level 4 of the Swamp
 22942 | Swamp:4  | Reached XP level 18. HP: 164/164 MP: 27/27
 23469 | Swamp:4  | Reached skill level 18 in Armour
 23638 | Swamp:4  | Got a decaying rune of Zot
 23797 | Snake:1  | Entered Level 1 of the Snake Pit
 23817 | Snake:1  | Found Godinap's Antique Weapon Emporium.
 24048 | Snake:1  | Identified the +7 lajatang "Anyiboq" {drain, rCorr Str-5
                  | Int+8 Dex-3}
 24853 | Snake:1  | Reached skill level 10 in Evocations
 24855 | Snake:1  | Identified the +1 great sword of Valour {chaos, rN++}
 25282 | Snake:2  | Reached skill level 19 in Armour
 26534 | Snake:3  | Got the Encyclopedia of Boreal Clay
 27397 | Snake:3  | Noticed Jorgrun
 27418 | Snake:3  | Noticed a tentacled monstrosity
 27435 | Snake:3  | Reached skill level 20 in Armour
 27440 | Snake:3  | Killed a tentacled monstrosity
 27441 | Snake:3  | Reached XP level 19. HP: 71/171 MP: 28/28
 27902 | Snake:3  | Gained mutation: You are dopey. (Int -2) [mutagenic glow]
 27904 | Snake:3  | Killed Jorgrun
 28052 | Snake:3  | Found Cauwa's Weapon Boutique.
 28057 | Snake:3  | Found Cesunama's Distillery.
 28059 | Snake:3  | Bought 5 silver javelins for 810 gold pieces
 28153 | Snake:3  | Reached skill level 5 in Shields
 28647 | Snake:3  | Gained mutation: You sometimes lose your temper in combat.
                  | [mutagenic glow]
 28715 | Snake:4  | Entered Level 4 of the Snake Pit
 28724 | Snake:4  | Lost mutation: You are dopey. (Int -2) [potion of mutation]
 28724 | Snake:4  | Lost mutation: You sometimes lose your temper in combat.
                  | [potion of mutation]
 28724 | Snake:4  | Gained mutation: Your flesh is heat resistant. (rF+)
                  | [potion of mutation]
 28724 | Snake:4  | Gained mutation: You have large cloven feet. [potion of
                  | mutation]
 28724 | Snake:4  | Gained mutation: You are strong-willed. (Will+) [potion of
                  | mutation]
 29485 | Snake:4  | Noticed Aizul
 29498 | Snake:4  | Killed Aizul
 29904 | Snake:4  | Reached skill level 10 in Shields
 29915 | Snake:4  | Noticed Vashnia
 29922 | Snake:4  | Killed Vashnia
 30252 | Snake:4  | Got a serpentine rune of Zot
 30584 | Orc:1    | Entered Level 1 of the Orcish Mines
 30737 | Orc:1    | Found Nof Toa's Magic Scroll Shoppe.
 30741 | Orc:1    | Bought a scroll of enchant armour for 127 gold pieces
 30741 | Orc:1    | Bought a scroll of enchant armour for 127 gold pieces
 30756 | Orc:1    | Bought a scroll of silence for 161 gold pieces
 30756 | Orc:1    | Bought a scroll of magic mapping for 127 gold pieces
 30756 | Orc:1    | Bought a scroll of teleportation for 51 gold pieces
 30756 | Orc:1    | Bought a scroll of teleportation for 51 gold pieces
 30756 | Orc:1    | Bought a scroll of teleportation for 51 gold pieces
 31187 | Orc:2    | Entered Level 2 of the Orcish Mines
 31264 | Orc:2    | Found Puxapser's Mayhem Merchandise.
 31271 | Orc:2    | Found a staircase to the Elven Halls.
 31274 | Orc:2    | Bought a wand of iceblast (5) for 132 gold pieces
 31274 | Orc:2    | Bought a wand of iceblast (5) for 132 gold pieces
 31274 | Orc:2    | Bought a wand of iceblast (6) for 158 gold pieces
 31421 | Orc:2    | Found Iremerph's Distillery.
 31421 | Orc:2    | Found Yssium's Antique Weapon Boutique.
 31421 | Orc:2    | Found Wufymol's Weapon Shop.
 31426 | Orc:2    | Found Afeluv's Weapon Boutique.
 31434 | Orc:2    | Bought 2 potions of mutation for 192 gold pieces
 31434 | Orc:2    | Bought a potion of curing for 36 gold pieces
 31434 | Orc:2    | Bought a potion of might for 48 gold pieces
 31777 | Orc:2    | Found Dahuf's General Store.
 32045 | Orc:2    | Bought a potion of might for 48 gold pieces
 32045 | Orc:2    | Bought a potion of mutation for 96 gold pieces
 32045 | Orc:2    | Bought a scroll of silence for 114 gold pieces
 32479 | Slime:1  | Entered Level 1 of the Pits of Slime
 32500 | Slime:1  | Annihilated by an enormous slime creature

Illustrated notes

Levels and vault maps discovered:
D:1:      dpeg_arrival_round_a, layout_basic, hellmonk_ecumenical_altar_blasted
D:2:      layout_loops_ring, basic_altar, minmay_goblin_outpost
D:3:      layout_loops_ring, nemelex_xobeh_ov_fountains_minmay,
          fedhas_ov_isle_minmay, gammafunk_ghost_necromancy, nrook_uturn,
          uniq_robin, uniq_jessica
D:4:      layout_layer_cave, nicolae_uskayaw_dance_hall,
          mainiacjoe_overflow_six_doors_small,
          mainiacjoe_overflow_small_starburst, nicolae_ossuary_entry_giza,
          nicolae_stop_n_shop_2, minmay_increasing_density, uniq_sigmund,
          uniq_grinder, uniq_menkaure, uniq_pikel
D:5:      layout_rooms, lemuel_mausoleum_altar_kikubaaqudgha,
          mainiacjoe_overflow_alcove_2, minitemple, gup_sewer_entry_spiral
D:6:      layout_cave_pools, serial_column_ruins, column_ruins_circle_large,
          column_ruins_open_tiny, column_ruins_open_small, column_ruins_grid_2,
          column_ruins_grid_4, column_ruins_grid_3
D:7:      layout_basic, nicolae_elyvilon_peaceful_grove,
          minmay_temple_entry_glassed_door, serial_shops, shop, uniq_joseph
D:8:      layout_loops_ring, lemuel_tele_altar, enter_bailey_3,
          water_maze_lemuel
D:9:      minmay_the_grid_square_5x5_4x4
          [minmay_the_grid_square_5x5_checkered_statues,
          minmay_the_grid_square_5x5_comb,
          minmay_the_grid_square_5x5_half_checkered,
          minmay_the_grid_square_5x5_pentomino_r,
          minmay_the_grid_square_5x5_six_small,
          minmay_the_grid_square_5x5_prize_deathbox,
          minmay_the_grid_square_5x5_prize_itemx,
          minmay_the_grid_square_5x5_fancy_junction,
          minmay_the_grid_square_5x5_sharp_hourglass,
          minmay_the_grid_square_5x5_prize_rear_guard,
          minmay_the_grid_square_5x5_prize_monsterx,
          minmay_the_grid_square_5x5_gyroscope,
          minmay_the_grid_square_5x5_moneybag, minmay_the_grid_square_5x5_fat_x,
          minmay_the_grid_square_5x5_three, minmay_the_grid_square_5x5_z],
          layout_basic, lair_entry_dummy, chequers_jeans
D:10:     layout_rooms, mainiacjoe_overflow_catwalk, amcnicky_altar_gilded,
          grunt_ministairs_12, uniq_maurice
D:11:     layout_irregular_city, orc_0_dummy,
          portal_ice_cave_entry_ice_simulacra, blue_anna_alchemist
D:12:     layout_long_grid, nicolae_antique_artefacts, nicolae_ru_awakened_eye
D:13:     layout_roguey, grunt_livestock
D:14:     minmay_clustersquares, layout_irregular_city,
          lightli_vaults_fourway_checkpoint, serial_park_avenue1,
          nicolae_trove_entry_path_of_doom
D:15:     hangedman_depths_entry_try_elsewhere_first, layout_long_grid,
          nicolae_qazlal_style_of_elements, uniq_rupert, uniq_kirke
Temple:   hellmonk_temple_beads
Lair:1:   lemuel_ratsnest, layout_loops_ring, lemuel_fruit_tree,
          grunt_megastairs_3, uniq_amaemon
Lair:2:   layout_roguey, dummy_snake_entry, uniq_nergalle
Lair:3:   layout_chaotic_city, swamp_mist_pool
Lair:4:   layout_cellular_growth, slime_entry_1
Lair:5:   cheibrodos_lair_end_hotspot, layout_regular_city,
          chequers_serial_rivers_micro_e, minmay_lair_oklob_items, dpeg_oklob_1,
          serial_bayou_shore_a
Swamp:1:  layout_basic_swamp, evilmike_swamp_ruin_rubble_2, swamp_pool1,
          st_swamp_ruins_2
Swamp:2:  layout_basic_swamp, evilmike_swamp_ruin_house_4
Swamp:3:  layout_basic_swamp, evilmike_swamp_ruin_house_3, swamp_pool1,
          infiniplex_staircase_pool_2
Swamp:4:  swamp, layout_basic_swamp
Snake:1:  layout_rooms, serial_shops, shop,
          nicolae_snake_yet_another_twisty_hallway,
          nicolae_snake_herptile_family_reunion, grunt_megastairs_1
Snake:2:  layout_onion_interference, nicolae_snake_gridmaze_waves
Snake:3:  onia_ninara_swampy_vault, layout_layer_cave, serial_shops, shop,
          nicolae_shop_crystal, nicolae_snake_snakewalk, uniq_jorgrun
Snake:4:  johnstein_snake_rune_scales, layout_cave_town, grunt_ministairs_12,
          uniq_vashnia, uniq_aizul
Slime:1:  layout_caves, basic_altar
Orc:1:    layout_diamond_mine, serial_shops, nicolae_shop_behind_doors,
          hellmonk_guarded_unrand_dark_maul
Orc:2:    st_orc_mages, layout_caves, serial_shops, shop, minmay_shop_mayhem,
          mines2_david

Skill      XL: |  1  2  3  4  5  6  7  8  9 10 11 12 13 14 15 16 17 18 19 |
---------------+----------------------------------------------------------+-----
Maces & Flails | 2 3 4 5 7 9 11 12 15 16 | 16.7
Fighting       | 3 4 5 6 8 9 11 12 | 12.2
Invocations    | 6 12 | 12.0
Throwing       | 8 13 14 | 14.0
Armour         | 9 14 17 20 | 20.0
Evocations     | 7 11 12 | 12.0
Shields        | 12 | 12.0

Action                     |  1- 3 |  4- 6 |  7- 9 | 10-12 | 13-15 | 16-18 | 19-21 || total
---------------------------+-------+-------+-------+-------+-------+-------+-------++-------
  Melee: Flail             |    97 |    29 |       |       |       |       |       ||   126
         Tailslap          |     6 |    14 |    73 |    37 |    99 |   247 |    56 ||   532
         Dagger            |       |   106 |    64 |       |       |       |       ||   170
         Whip              |       |       |   285 |       |       |       |       ||   285
         Morningstar       |       |       |    80 |   153 |   441 |   912 |   182 ||  1768
         Kick              |       |       |       |       |       |       |    92 ||    92
         Maul              |       |       |       |       |       |       |    78 ||    78
   Fire: Sling             |       |       |       |       |       |       |    18 ||    18
  Throw: Boomerang         |       |       |       |       |    87 |   102 |     2 ||   191
         Javelin           |       |       |       |       |       |   105 |    13 ||   118
 Invoke: Divine Shield     |       |       |       |     1 |     1 |     4 |     1 ||     7
         Summon Divine War |       |       |       |       |     1 |       |     4 ||     5
  Evoke: Wand              |       |       |       |       |       |     4 |     3 ||     7
    Use: Scroll            |       |     1 |    11 |     2 |    10 |    23 |     5 ||    52
         Potion            |       |       |     1 |     4 |     4 |     6 |     6 ||    21
 Armour: Scale mail        |    41 |       |       |       |       |       |       ||    41
         Chain mail        |    13 |    81 |   147 |       |       |       |       ||   241
         Plate armour      |       |       |     9 |    43 |    72 |       |       ||   124
         Crystal plate arm |       |       |       |       |    97 |   737 |   320 ||  1154
         Robe              |       |       |       |       |    25 |       |       ||    25
  Dodge: Dodged            |    30 |    29 |    68 |     9 |    46 |    76 |    38 ||   296
  Block: Buckler           |    22 |    26 |    74 |    23 |   169 |   314 |    33 ||   661
         Reflection        |       |       |       |       |       |     2 |       ||     2
         Kite shield       |       |       |       |       |       |       |    44 ||    44
         Other             |       |       |       |       |       |       |     7 ||     7
